Map: Oceanborn LE

Players

Solitude

  • Race: Terran Terran
  • League: Diamond
  • Spawn Location: 5:00

SubN

  • Race: Zerg Zerg
  • League: Diamond
  • Spawn Location: 11:00

VOD

Have the link to the VOD?

Description

Time

  • Played on: Dec. 30, 2023, 7:16 p.m.
  • Length: 3:07
Show
View Real Time Build Order
Export as new Build Order

Solitude Terran 

Build Orders:  

Get SALT Encoding   

  12  0:00  SCV  
  13  0:12  SCV  
  14  0:17  Supply Depot  
  14  0:24  SCV  
  15  0:39  SCV  
  15  0:40  Barracks  
  16  0:45  Refinery  
  16  0:51  SCV  
  17  1:00  Barracks  
  17  1:04  SCV  
  18  1:16  SCV  
  19  1:29  Reaper  
  19  1:32  Orbital Command  
  20  1:34  Supply Depot  
  20  1:48  Reaper  
  21  2:00  SCV  
  22  2:07  Reaper  
  23  2:12  SCV  
  24  2:15  Command Center  
  24  2:20  Refinery  
  24  2:24  SCV  
  26  2:38  SCV  
  27  2:50  SCV  
  27  3:01  Factory  
  28  3:06  Command Center  
Show
View Real Time Build Order
Export as new Build Order

SubN Zerg 

Build Orders: Pool First 

Get SALT Encoding   

  12  0:00  Drone  
  13  0:12  Overlord  
  13  0:17  Drone  
  14  0:30  Drone x2  
  14  0:34  Drone  
  17  0:44  Extractor  
  17  0:45  Drone  
  17  0:49  Spawning Pool  
  16  0:55  Drone  
  17  1:06  Drone  
  18  1:18  Hatchery  
  18  1:21  Drone  
  18  1:27  Drone  
  19  1:36  Queen  
  19  1:39  Zergling x2  
  22  1:48  Metabolic Boost  
  22  1:52  Overlord  
  22  2:10  Zergling x2  
  22  2:14  Zergling x2  
  24  2:16  Queen  
Tags
 
Add a new tag
Caveats
  • Supply blocks, unpowered buildings, or Contaminate may cause inaccurate times.
  • Supply counts are checked every 10 seconds.